 Dungeon Crawl Stone Soup version 0.28.0-43-g3370ac3207 (webtiles) character file.

Game seed: 13384046029160663212

36437 yaddayadda the Covert (level 14, 0/89 HPs)
             Began as a Djinni Fire Elementalist on Feb 28, 2022.
             Was a High Priest of Hepliaklqana.
             Hit by a large rock thrown by a cyclops (44 damage)
             ... on level 15 of the Dungeon on Mar 1, 2022.
             The game lasted 01:05:26 (13616 turns).

yaddayadda the Covert (Djinni Fire Elementalist)   Turns: 13616, Time: 01:05:26

Health: 0/89       AC: 12    Str:  9    XL:     14   Next: 23%
Gold:   1121       EV: 14    Int: 23    God:    Hepliaklqana [*****.] SH:  0 Dex: 13

rFire   + + +      SeeInvis +   m - +5 quarterstaff (chaos)
rCold   x . .      Faith    .   (shield currently unavailable)
rNeg    . . .      Spirit   .   A - +2 acid dragon scales
rPois   ∞          Reflect  .   N - +1 hat
rElec   .          Harm     .   l - +2 cloak
rCorr   +          Rampage  .   (no gloves)
Will    ++...                   (boots unavailable)
Stlth   ++++......              (no amulet)
HPRegen 1.04/turn               v - ring of willpower
MPRegen 0.00/turn               t - ring of see invisible

@: flying
A: reduced essence, sickness immunity, fire resistance 3, cold vulnerability 1,
float, innate caster, HP casting, extra vitality 1, regeneration 1, screaming 1,
strong 1
a: Renounce Religion, Recall Ancestor, Ancestor Identity, Transference, Idealise


You were on level 15 of the Dungeon.
You worshipped Hepliaklqana.
Hepliaklqana was extremely pleased with you.
You visited 1 branch of the dungeon, and saw 15 of its levels.

You collected 1121 gold pieces.

Inventory:

Hand Weapons
 b - a +2 dagger of speed
 g - a +1 whip of draining
 m - a +5 quarterstaff of chaos (weapon)
 B - a +2 short sword of venom
 C - a +0 dagger of holy wrath
 F - the +1 great mace of Patience {vorpal, rElec Stlth+}
   (You found it on level 8 of the Dungeon)

   It inflicts extra damage upon your enemies.
   rElec:     It insulates you from electricity.
   Stlth:     It makes you more stealthy.
 L - a +2 hand axe of freezing
 Q - the +5 dagger "Liepruruef" {venom, rElec rC++ MP-9 Stlth+}
   (You took it off a vault guard on level 13 of the Dungeon)

   It poisons the flesh of those it strikes.
   rC:        It greatly protects you from cold.
   rElec:     It insulates you from electricity.
   MP:        It affects your magic capacity (-9).
   Stlth:     It makes you more stealthy.
Missiles
 c - 428 stones
 f - 23 sling bullets
 r - 5 silver boomerangs
 z - 41 poisoned darts
 E - a curare-tipped dart
Armour
 l - a +2 cloak (worn)
 q - +0 fire dragon scales
 A - +2 acid dragon scales (worn)
 I - a +0 helmet
 M - a +0 troll leather armour
 N - a +1 hat (worn)
Jewellery
 e - a ring of ice
 p - a +6 ring of dexterity
 t - a ring of see invisible (right hand)
 v - a ring of willpower (left hand)
 D - a ring of resist corrosion
 G - a ring of protection from fire
 O - a ring of wizardry
 P - a +6 ring of strength
 T - a +4 ring of evasion
Wands
 a - a wand of flame (6)
 u - a wand of paralysis (5)
 y - a wand of digging (8)
 S - a wand of polymorph (4)
Scrolls
 i - a scroll of blinking
 k - 3 scrolls of teleportation
 x - 3 scrolls of fear
 H - 2 scrolls of magic mapping
 K - 8 scrolls of identify
Potions
 d - 3 potions of attraction
 h - 2 potions of brilliance
 j - 2 potions of cancellation
 n - 3 potions of mutation
 o - 7 potions of lignification
 s - 11 potions of curing
 J - a potion of might


   Skills:
 + Level 8.3 Fighting
 + Level 7.5 Short Blades
 - Level 4.0(5.6) Maces & Flails
 + Level 6.6(7.3) Staves
 + Level 9.6 Dodging
 * Level 10.0 Stealth
 + Level 6.9 Spellcasting
 + Level 6.6 Invocations
 + Level 6.7 Evocations


You couldn't memorise any spells.
You knew the following spells:

 Your Spells              Type           Power      Damage    Failure   Level
a - Foxfire               Conj/Fire      100%       2x1d9     1%          1
b - Scorch                Fire           80%        2d9       1%          2
c - Conjure Flame         Conj/Fire      40%        6-21      2%          3
d - Inner Flame           Hex/Fire       40%        N/A       2%          3
e - Flame Wave            Conj/Fire      40%        2d9       8%          4
f - Animate Skeleton      Necr           80%        N/A       1%          1
g - Poisonous Vapours     Pois/Air       80%        N/A       1%          2
h - Corpse Rot            Necr/Air       80%        N/A       1%          2
i - Ozocubu's Armour      Ice            40%        N/A       2%          3
j - Passage of Golubria   Tloc           40%        N/A       8%          4
k - Lee's Rapid Deconstr  Erth           20%        3d13*     21%         5
Your spell library was empty.

Dungeon Overview and Level Annotations

Branches:
Dungeon (15/15)            Temple (0/1) D:7            Lair (0/6) D:11
    Orc (0/2) D:10         Vaults (0/5) D:13
 Depths: D:15

Altars:
Hepliaklqana
Ru
Trog

Shops:
D:6 :   D:11 (

Annotations:
D:13 1 runed translucent door, Mebb's ghost, journeyman SpEn


Innate Abilities, Weirdness & Mutations

Your life essence is reduced to manifest your ancestor. (-10% HP)
You are immune to sickness and miasma.
You are immune to poison.
Your flesh is almost immune to the effects of heat. (rF+++)
You are vulnerable to cold. (rC-)
You float through the air rather than walking.
You learn spells naturally, not from books.
Your magical power is your life essence.
You have superior vitality. (+4 MHP)
Your natural rate of healing is unusually fast.
You occasionally shout uncontrollably at your foes.
Your muscles are strong. (Str +2)


Message History

The tengu conjurer is filled with an inner flame.
The centaur warrior is engulfed in blazing flames.
Flame seeps out of the centaur warrior.
Ku-aya hits the centaur warrior with a +0 dagger of draining.
Flame seeps out of the centaur warrior. x2; Ku-aya drains the centaur warrior.
Flame seeps out of the centaur warrior.
You feel better.
Flame seeps out of the centaur warrior.
The centaur warrior is engulfed in blazing flames.
Flame seeps out of the centaur warrior.
The centaur warrior unwields a +0 shortbow.
The centaur warrior hits Ku-aya!
The centaur warrior kicks Ku-aya.
The centaur warrior is engulfed in blazing flames.
Flame seeps out of the centaur warrior.
The centaur warrior hits Ku-aya.
The centaur warrior completely misses Ku-aya.
Ku-aya hits the centaur warrior with a +0 dagger of draining.
The centaur warrior explodes!
Ku-aya avoids your attack.
You hear a shout!
Casting: Inner Flame (mildly dangerous; 2% risk of failure)
Confirm with . or Enter, or press ? or * to list all spells.
Aiming: Poisonous Vapours (safe; 1% risk of failure)
Press: ? - help, Dir - move target, f/p - tengu conjurer
Aim: a tengu conjurer (inner flame) Poisonous vapours surround the tengu conjurer!
The tengu conjurer is poisoned.
Flame seeps out of the tengu conjurer.
The tengu conjurer is engulfed in blazing flames.
Flame seeps out of the tengu conjurer.
Flame seeps out of the tengu conjurer.
The battlesphere is engulfed in blazing flames.
The tengu conjurer is engulfed in blazing flames.
Flame seeps out of the tengu conjurer.
A cyclops comes into view.
Ku-aya points at the tengu conjurer and mumbles some strange words.
The tengu conjurer appears confused.
You thump the tengu conjurer!
The tengu conjurer explodes!
The fiery explosion engulfs you. You resist.
You are engulfed in blazing flames.
You resist.
The cyclops throws a large rock.
The large rock hits you!!!
You die...

#..........
#.........#
#.........#
#......R§.#
#......§)§#
#.....°§§.#
#......§§§#
#...$..§§§#
#......§@§#
#.........#
#.........#
#.........#
..........#
..........#
#..C.....#
#........#


You could see the friendly Ku-aya the hexer and a cyclops.

Vanquished Creatures
  A fire dragon (D:14)
  2 boulder beetles
  A vault guard (D:13)
  A hydra (D:12)
  4 two-headed ogres
  A tengu warrior (D:13)
  3 wizards (D:13)
  A deep elf pyromancer (D:12)
  5 ugly things
  5 manticores
  3 cyclopes
  A gargoyle (D:12)
  Psyche (D:9)
  2 efreet (D:14)
  A kobold demonologist (D:11)
  3 tengu conjurers
  2 hornets (D:9)
  5 trolls
  Grinder (D:6)
  11 slime creatures
  13 yaks
  15 humans (D:13)
  5 redbacks (D:13)
  A basilisk (D:14)
  A steam dragon (D:8)
  2 vampire mosquitoes (D:12)
  Edmund (D:5)
  2 acid dragons (D:9)
  7 orc warriors
  An ice beast (D:3)
  An ogre (D:6)
  9 centaurs
  2 phantoms
  2 kobold brigands
  4 bullfrogs
  4 scorpions
  A water moccasin skeleton (D:5)
  Dowan (D:7)
  3 killer bees (D:9)
  4 howler monkeys (D:9)
  4 wights
  A bullfrog zombie (D:5)
  2 centaur zombies
  3 orc priests
  A bullfrog skeleton (D:6)
  Crazy Yiuf (D:6)
  A gnoll shaman (D:8)
  4 iguanas
  8 orc wizards
  A howler monkey zombie (D:8)
  2 adders
  2 gnolls (D:8)
  2 white imps (D:6)
  An ufetubus (D:6)
  A worm (D:2)
  4 dart slugs
  13 orcs
  6 bats
  7 endoplasms
  2 giant cockroaches (D:4)
  7 hobgoblins
  2 jackals (D:5)
  15 kobolds
  6 ball pythons
  4 frilled lizards
  14 goblins
  3 rats (D:1)
250 creatures vanquished.

Vanquished Creatures (collateral kills)
  Gastronok (D:11)
  Erolcha (D:9)
  A vault guard (D:13)
  The ghost of nado the Fighter, a journeyman DjCj of Ashenzari (D:10)
  2 centaur warriors
  An ugly thing (D:14)
  A cyclops (D:14)
  A komodo dragon (D:11)
  A slime creature (D:14)
  Prince Ribbit (D:7)
  A shadow (D:11)
  8 yaks
  A wraith (D:12)
  4 humans (D:13)
  2 redbacks (D:13)
  2 steam dragons
  An acid dragon (D:8)
  An orc warrior (D:14)
  Duvessa (D:7)
  An ogre (D:7)
  A necrophage (D:7)
  A centaur (D:10)
  2 killer bees (D:9)
  3 howler monkeys
  A wight (D:8)
  A centaur zombie (D:7)
  2 orc priests
  An iguana (D:7)
  2 orc wizards
  Robin (D:3)
  2 howler monkey skeletons
  A gnoll (D:8)
  A white imp (D:5)
  A worm (D:2)
  A dart slug (D:2)
  7 orcs
  A ball python (D:4)
  2 jackals (D:5)
  A frilled lizard (D:1)
  2 kobolds
67 creatures vanquished.

Vanquished Creatures (others)
  14 hexers
  An ancestor (D:1)
  15 foxfires (D:1)
  6 plants (D:11)
36 creatures vanquished.

Grand Total: 353 creatures vanquished

Notes
Turn   | Place    | Note
-------+----------+-------------------------------------------
     0 | D:1      | yaddayadda the Djinni Fire Elementalist began the quest for
                  | the Orb.
     0 | D:1      | Reached XP level 1. HP: 15/15 MP: 0/0
   162 | D:1      | Reached XP level 2. HP: 19/21 MP: 0/0
   184 | D:1      | Found a faded altar of an unknown god.
   200 | D:1      | Prayed at the altar of an unknown god.
   200 | D:1      | Became a worshipper of Hepliaklqana the Forgotten
   200 | D:1      | Reached * piety under Hepliaklqana
   482 | D:1      | Reached skill level 2 in Stealth
   543 | D:1      | Reached XP level 3. HP: 12/22 MP: 0/0
   543 | D:1      | Learned a level 1 spell: Animate Skeleton
  1409 | D:2      | You are sucked into a shaft and drop 1 floor!
  1812 | D:2      | Reached XP level 4. HP: 27/27 MP: 0/0
  2332 | D:3      | Reached skill level 1 in Fighting
  2334 | D:3      | Noticed an ice beast
  2402 | D:3      | Reached skill level 1 in Short Blades
  2568 | D:3      | Reached XP level 5. HP: 28/33 MP: 0/0
  2568 | D:3      | Learned a level 2 spell: Poisonous Vapours
  2775 | D:3      | Killed an ice beast
  2776 | D:3      | Reached skill level 1 in Maces & Flails
  2776 | D:3      | Reached XP level 6. HP: 2/38 MP: 0/0
  3266 | D:3      | Noticed Robin
  3291 | D:3      | Killed Robin
  3679 | D:4      | Reached ** piety under Hepliaklqana
  3684 | D:4      | Reached skill level 3 in Stealth
  3842 | D:4      | Remembered your ancestor Ku-aya as a hexer
  3900 | D:4      | Reached XP level 7. HP: 40/44 MP: 0/0
  3900 | D:4      | Learned a level 2 spell: Corpse Rot
  4339 | D:4      | Gained mutation: You occasionally shout uncontrollably at
                  | your foes. [potion of mutation]
  4339 | D:4      | Gained mutation: Your muscles are strong. (Str +2) [potion
                  | of mutation]
  4339 | D:4      | Gained mutation: Your natural rate of healing is unusually
                  | fast. [potion of mutation]
  4339 | D:4      | Gained mutation: Your flesh is almost immune to the effects
                  | of heat. (rF+++) [potion of mutation]
  4366 | D:5      | Entered Level 5 of the Dungeon
  4842 | D:5      | Noticed Edmund
  4850 | D:5      | Reached XP level 8. HP: 47/50 MP: 0/0
  4880 | D:5      | Killed Edmund
  5399 | D:6      | Reached *** piety under Hepliaklqana
  5449 | D:6      | Reached skill level 4 in Stealth
  5495 | D:6      | Found a runed translucent door.
  5496 | D:6      | Noticed Crazy Yiuf
  5503 | D:6      | Killed Crazy Yiuf
  5563 | D:6      | Found Juymaf Nyled's Book Boutique.
  5698 | D:6      | Reached skill level 5 in Dodging
  5759 | D:6      | Reached skill level 1 in Staves
  5759 | D:6      | Reached XP level 9. HP: 50/55 MP: 0/0
  5759 | D:6      | Learned a level 3 spell: Ozocubu's Armour
  6163 | D:6      | Noticed Grinder
  6181 | D:6      | Killed Grinder
  6361 | D:7      | Noticed Prince Ribbit
  6384 | D:7      | Killed Prince Ribbit
  6444 | D:7      | Found a sacrificial altar of Ru.
  6478 | D:7      | Found a staircase to the Ecumenical Temple.
  6664 | D:7      | Noticed Duvessa
  6671 | D:7      | Killed Duvessa
  6674 | D:7      | Noticed Dowan
  6686 | D:7      | Killed Dowan
  6759 | D:7      | Noticed a two-headed ogre
  6772 | D:7      | Killed a two-headed ogre
  6773 | D:7      | Reached skill level 5 in Fighting
  6773 | D:7      | Reached skill level 5 in Stealth
  6773 | D:7      | Reached skill level 1 in Invocations
  6773 | D:7      | Reached skill level 1 in Evocations
  6773 | D:7      | Reached XP level 10. HP: 35/63 MP: 0/0
  6967 | D:8      | Reached **** piety under Hepliaklqana
  7733 | D:8      | Identified the +1 great mace of Patience {vorpal, rElec
                  | Stlth+}
  7982 | D:9      | Noticed Psyche
  8025 | D:9      | Killed Psyche
  8026 | D:9      | Reached skill level 5 in Spellcasting
  8089 | D:9      | Reached skill level 6 in Stealth
  8097 | D:9      | Reached skill level 5 in Short Blades
  8103 | D:9      | Noticed Erolcha
  8323 | D:9      | Killed Erolcha
  8324 | D:9      | Reached XP level 11. HP: 68/68 MP: 0/0
  8324 | D:9      | Learned a level 4 spell: Passage of Golubria
  8667 | D:9      | Noticed a purple ugly thing
  8676 | D:9      | Killed a purple ugly thing
  8761 | D:9      | Reached skill level 7 in Stealth
  8779 | D:9      | Noticed a two-headed ogre
  8798 | D:9      | Killed a two-headed ogre
  8855 | D:9      | Reached ***** piety under Hepliaklqana
  9116 | D:10     | Entered Level 10 of the Dungeon
  9274 | D:10     | Found a staircase to the Orcish Mines.
  9463 | D:10     | Found a runed translucent door.
  9503 | D:10     | Noticed nado's ghost (journeyman DjCj)
  9544 | D:10     | Killed nado's ghost
  9585 | D:10     | Reached XP level 12. HP: 67/75 MP: 0/0
  9924 | D:11     | Noticed a two-headed ogre
  9931 | D:11     | Killed a two-headed ogre
 10387 | D:11     | Found Fuomil's Hydra Hut.
 10390 | D:11     | Noticed a seven-headed hydra
 10440 | D:11     | Noticed Gastronok
 10455 | D:11     | Killed Gastronok
 10456 | D:11     | Reached skill level 5 in Staves
 10785 | D:11     | Found a staircase to the Lair.
 10934 | D:12     | Reached skill level 8 in Stealth
 10991 | D:12     | Noticed an eight-headed hydra
 11250 | D:12     | Reached skill level 5 in Invocations
 11318 | D:12     | Reached skill level 5 in Evocations
 11319 | D:12     | Killed an eight-headed hydra
 11714 | D:13     | Noticed a centaur warrior
 11717 | D:13     | Reached XP level 13. HP: 54/81 MP: 0/0
 11717 | D:13     | Learned a level 5 spell: Lee's Rapid Deconstruction
 11719 | D:13     | Killed a centaur warrior
 11772 | D:13     | Found a runed translucent door.
 11777 | D:13     | Noticed Mebb's ghost (journeyman SpEn)
 11952 | D:13     | Identified the +5 dagger "Liepruruef" {venom, rElec rC++
                  | MP-9 Stlth+}
 11952 | D:13     | Noticed a vault guard
 11958 | D:13     | Reached skill level 9 in Stealth
 11965 | D:13     | Killed a vault guard
 12228 | D:13     | Found a gate to the Vaults.
 12265 | D:13     | Noticed a boulder beetle
 12282 | D:13     | Killed a boulder beetle
 12310 | D:13     | Noticed a vault guard
 12337 | D:13     | Killed a vault guard
 13026 | D:14     | Noticed a boulder beetle
 13040 | D:14     | Killed a boulder beetle
 13057 | D:14     | Found a bloodstained altar of Trog.
 13120 | D:14     | Reached XP level 14. HP: 60/88 MP: 0/0
 13389 | D:14     | Reached skill level 10 in Stealth
 13553 | D:15     | Entered Level 15 of the Dungeon
 13616 | D:15     | Hit by a large rock thrown by a cyclops

Illustrated notes

Levels and vault maps discovered:
D:1:      minmay_arrival_semitransparent, layout_basic,
          shapermc_ecumenical_altar_mp_highgroup, serial_park_tiny_2
D:2:      layout_rooms
D:3:      layout_loops_cross, kennysheep_potato, uniq_robin
D:4:      layout_rooms
D:5:      layout_basic, uniq_edmund
D:6:      layout_loops_corners, serial_shops, nicolae_shop_window_shopping,
          uniq_crazy_yiuf_cottage, uniq_grinder
D:7:      layout_rooms, kennysheep_mini, minmay_temple_entry_junction,
          serial_curves, eino_curves_02, eino_curves_02, eino_curves_04,
          minmay_misc_feat_four_crosses, uniq_duvessa, uniq_prince_ribbit1
D:8:      layout_loops_corners, minivault_23, corexii_leaking_fountain
D:9:      cheibrodos_barr_body, layout_basic, evilmike_butchery, uniq_psyche,
          uniq_erolcha
D:10:     layout_basic, orc_0_dummy, gammafunk_ghost_grave, grunt_decor_fettered
D:11:     layout_basic, david_lair_shrubbed, doesnt_shop_hydraphobe,
          uniq_gastronok
D:12:     layout_roguey
D:13:     layout_roguey, grunt_vaults_entry_tiered,
          ebering_ghost_reflecting_pool, drop_trap, kb_tengu_band
D:14:     layout_rooms, nrook_mini_backslash, trog_butcher_becter
D:15:     grunt_enter_depths_magical_seal, layout_long_grid,
          palyth_stone_intersect, hangedman_abyss_or_decor_lesser_grid

Skill      XL: |  1  2  3  4  5  6  7  8  9 10 11 12 13 14 |
---------------+-------------------------------------------+-----
Stealth        | 2 3 4 5 6 7 8 9 10 | 10.0
Fighting       | 1 2 3 4 5 6 7 8 |  8.3
Short Blades   | 1 2 3 4 5 6 7 |  7.5
Dodging        | 3 4 5 6 7 8 9 |  9.6
Maces & Flails | 1 2 3 4 |  4.0
Spellcasting   | 3 4 5 6 |  6.9
Staves         | 1 2 3 4 5 6 |  6.6
Invocations    | 1 3 4 5 6 |  6.6
Evocations     | 1 3 4 5 6 |  6.7

Action                   |  1- 3 |  4- 6 |  7- 9 | 10-12 | 13-15 || total
-------------------------+-------+-------+-------+-------+-------++-------
Melee: Unarmed           |     2 |       |       |       |       ||     2
       Dagger            |     7 |       |       |       |       ||     7
       Whip              |     7 |    32 |    17 |       |       ||    56
       Quarterstaff      |       |       |    34 |    58 |    22 ||   114
       Punch             |       |       |     1 |       |       ||     1
 Cast: Foxfire           |     8 |       |       |       |       ||     8
       Scorch            |    26 |    29 |    57 |    34 |     8 ||   154
       Poisonous Vapours |       |     4 |    22 |    71 |    50 ||   147
       Animate Skeleton  |       |     3 |       |       |       ||     3
       Inner Flame       |       |     2 |     4 |    78 |    63 ||   147
       Corpse Rot        |       |       |     1 |       |       ||     1
       Passage of Golubr |       |       |       |     1 |       ||     1
       Lee's Rapid Decon |       |       |       |       |     1 ||     1
Invok: Recall Ancestor   |     2 |       |     1 |       |     1 ||     4
       Ancestor Life: He |       |     1 |       |       |       ||     1
       Idealise          |       |       |       |       |     1 ||     1
Evoke: Wand              |       |       |     1 |     3 |    20 ||    24
  Use: Scroll            |     3 |     6 |     9 |     8 |     4 ||    30
       Potion            |       |     7 |     4 |     3 |     9 ||    23
 Stab: Sleeping          |       |     2 |     2 |       |       ||     4
       Confused          |       |       |     2 |     1 |       ||     3
       Distracted        |       |       |     1 |     1 |       ||     2
       Paralysed         |       |       |       |     5 |       ||     5
Armor: Robe              |     2 |    12 |    26 |     6 |       ||    46
       Acid dragon scale |       |       |       |    20 |    32 ||    52
Dodge: Dodged            |    20 |    44 |    65 |    69 |    53 ||   251
